 Dungeon Crawl Stone Soup version 0.31.0-12-g77e489cdc1 (webtiles) character file.

Game seed: 9500254170836564128

18063 Gadfly the Basher (level 12, -4/75 HPs)
             Began as a Gargoyle Fighter on Mar 7, 2024.
             Was a Priest of the Shining One.
             Slain by a naga
             ... wielding a +0 glaive
              (10 damage)
             ... on level 2 of the Lair of Beasts.
             The game lasted 00:18:58 (13276 turns).

Gadfly the Basher (Gargoyle Fighter)               Turns: 13276, Time: 00:18:58

Health: -4/75      AC: 32    Str: 28    XL:     12   Next: 54%
Magic:  19/19      EV:  6    Int: 10    God:    the Shining One [***...]
Gold:   1074       SH: 17    Dex: 11    Spells: 11/11 levels left

rFire   . . .        a - +1 flail (venom)
rCold   . . .        y - +2 kite shield
rNeg    + + +        g - +0 pearl dragon scales
rPois   ∞            q - +2 hat
rElec   +            d - +0 cloak
rCorr   .            (no gloves)
SInv    .            l - +1 pair of boots
Will    .....        o - amulet of reflection Stlth
                     s - +6 ring of strength
HPRegen 0.32/turn    x - +4 ring of protection
MPRegen 0.16/turn

%: reflection
@: glowing, constricted
A: sickness immunity, AC +8, negative energy resistance 1, electricity
resistance, torment resistance 1, petrification resistance
a: Renounce Religion, Divine Shield, Cleansing Flame


You were on level 2 of the Lair of Beasts.
You worshipped the Shining One.
The Shining One was most pleased with you.
You visited 3 branches of the dungeon, and saw 14 of its levels.

You collected 1074 gold pieces.

Inventory:

Hand Weapons
 a - a +1 flail of venom (weapon)
 b - a +2 heavy mace
 r - a +0 flail
 v - a +2 dagger of electrocution
Armour
 d - a +0 cloak (worn)
 g - +0 pearl dragon scales (worn)
 l - a +1 pair of boots (worn)
 q - a +2 hat (worn)
 y - a +2 kite shield (worn)
Jewellery
 o - an amulet of reflection (around neck)
 s - a +6 ring of strength (left hand)
 w - a ring of fire
 x - a +4 ring of protection (right hand)
 z - a ring of protection from cold
 D - an amulet of faith
 E - an amulet of the acrobat
 H - a ring of protection from fire
 K - a ring of see invisible
Wands
 e - a wand of mindburst (12) (quivered)
 k - a wand of roots (30)
 n - a wand of polymorph (22)
Scrolls
 c - a scroll of enchant weapon
 f - 4 scrolls of teleportation
 m - 3 scrolls of brand weapon
 F - a scroll of vulnerability
 G - a scroll of revelation
 J - a scroll of fear
Potions
 h - a potion of might
 i - 3 potions of haste
 j - a potion of lignification
 p - 2 potions of mutation
 t - a potion of resistance
 u - 2 potions of curing
 A - a potion of enlightenment
 B - a potion of invisibility {unknown}
 C - 2 potions of heal wounds
 I - a potion of cancellation {unknown}


   Skills:
 + Level 8.8 Fighting
 * Level 10.3 Maces & Flails
 + Level 8.5 Armour
 + Level 8.5 Shields
 + Level 9.8 Invocations
 + Level 8.2 Evocations


You had 11 spell levels left.
You didn't know any spells.
Your spell library contained the following spells:

 Spells                   Type           Power      Damage    Failure   Level
 Magic Dart               Conj           0%         1d3       82%         1
 Jinxbite                 Hex            0%         N/A       91%         2
 Searing Ray              Conj           0%         2d4       91%         2
 Dazzling Flash           Conj/Hex       0%         N/A       99%         3
 Hailstorm                Conj/Ice       0%         3d5       99%         3
 Summon Ice Beast         Ice/Summ       0%         N/A       99%         3
 Volatile Blastmotes      Fire/Tloc      0%         2d10      99%         3
 Fulminant Prism          Conj/Alch      0%         3d5       100%        4
 Yara's Violent Unravell  Hex/Alch       0%         3d3       100%        5
 Sculpt Simulacrum        Ice/Alch       0%         N/A       100%        6
 Starburst                Conj/Fire      0%         6d3       100%        6
 Enfeeble                 Hex            0%         N/A       100%        7
 Maxwell's Capacitive Co  Air            0%         ∞         100%        8


Dungeon Overview and Level Annotations

Branches:
Dungeon (11/15)            Temple (1/1) D:6            Lair (2/5) D:9
  Snake (0/4) Lair:2          Orc (0/2) D:11
  Swamp: Lair:2-3    Shoals: Lair:2-3

Altars:
Ashenzari
Cheibriados
Dithmenos
Elyvilon
Fedhas
Gozag
Hepliaklqana
Kikubaaqudgha
Makhleb
Nemelex Xobeh
Okawaru
Qazlal
Ru
Sif Muna
Trog
Uskayaw
Vehumet
Wu Jian
Xom
Yredelemnul
Zin
The Shining One

Shops:
D:11 (

Annotations:
Lair:2 3 runed translucent doors, bronco's ghost, journeyman DEEE


Innate Abilities, Weirdness & Mutations

You are immune to sickness and miasma.
Your stone body is resilient. (AC +8)
You are immune to poison.
You resist negative energy. (rN+)
You are resistant to electric shocks. (rElec)
You are resistant to unholy torment.
You are immune to petrification.


Message History

You hit the naga but do no damage. You block the wolf's attack.
The naga barely misses you. x2; The wolf barely misses you.
You barely miss the naga. You block the wolf's attack.
The naga hits you with a +0 glaive!
* * * LOW HITPOINT WARNING * * *
You block the naga's attack. You block the wolf's attack.
You barely miss the naga. The naga misses you. The naga grabs you.
The naga constricts you.
* * * LOW HITPOINT WARNING * * *
You block the wolf's attack.
You barely miss the naga. You block the wolf's attack.
You block the naga's attack. The naga constricts you.
You block the wolf's attack.
You hit the naga.
The naga is lightly wounded.
You block the wolf's attack. You block the naga's attack.
The naga constricts you.
* * * LOW HITPOINT WARNING * * *
You block the wolf's attack.
You closely miss the wolf. You block the naga's attack.
The naga constricts you. The wolf bites you but does no damage.
You sock the naga!
The naga is heavily wounded.
The wolf bites you but does no damage. The naga spits poison at you.
The splash of poison misses you. The naga constricts you.
You block the wolf's attack.
You hit the wolf.
The wolf is moderately wounded.
You block the wolf's attack. You block the naga's attack.
The naga constricts you. You block the wolf's attack.
You hit the wolf.
The wolf is poisoned.
The wolf is heavily wounded.
You block the wolf's attack. The naga barely misses you.
The naga constricts you.
* * * LOW HITPOINT WARNING * * *
You sock the naga!
The naga is almost dead.
The wolf closely misses you. The naga hits you with a +0 glaive!
You die...

....# .. .... ... ...
....####..##
....#.#.P..###.
...............
...............
.......†h......
#.....#@######.~~~...
#....##N####.#h~~...~
.... #......# ~~....~
#.. #......##~~..~>P
~~~ +.
.P#.......#~~..... ..P
# ...P.......#~~~~..P
..#
...........##N~~~..~
.#
...........#†hl~~~~~
.#
.............)#...~~~~


You could see a naga (catching breath) and a wolf (very poisoned).

Vanquished Creatures
  Gastronok (D:11)
  A rakshasa (D:11)
  A catoblepas (D:11)
  3 two-headed ogres
  A skyshark (Lair:1)
  Lodul (D:10)
  A manticore (D:11)
  A cyclops (D:11)
  A black mamba (Lair:1)
  A gargoyle (D:10)
  3 cane toads
  A troll (D:10)
  4 blink frogs (Lair:2)
  Grinder (D:5)
  Sigmund (D:5)
  11 yaks
  A wraith (D:10)
  2 wyverns
  4 basilisks
  A naga (Lair:2)
  An acid dragon (D:10)
  5 water moccasins
  2 black bears
  5 orc warriors
  5 sky beasts
  7 ogres (D:10)
  12 wolves
  3 centaurs
  2 kobold brigands (D:6)
  A gnoll sergeant (D:9)
  3 scorpions
  7 bullfrogs
  7 wights
  A ballistomycete (D:5)
  19 killer bees
  2 howler monkeys (D:10)
  A jelly (D:5)
  5 hounds
  A bombardier beetle (D:5)
  Crazy Yiuf (D:2)
  4 orc priests
  2 iguanas
  Jessica (D:3)
  4 sleepcaps
  Natasha (thrice) (D:4)
  9 orc wizards
  Robin (D:4)
  4 gnolls (D:9)
  6 adders
  6 river rats (D:6)
  A shadow imp (D:7)
  A white imp (D:5)
  2 ufetubi (D:6)
  5 dart slugs
  3 ribbon worms
  27 orcs
  8 ball pythons
  4 bats
  8 endoplasms
  5 giant cockroaches
  9 hobgoblins
  2 jackals (D:5)
  4 quokkas
  3 frilled lizards
  12 goblins
  18 kobolds
  18 rats
  2 ballistomycete spores (D:5)
303 creatures vanquished.

Vanquished Creatures (others)
  An orc (D:11)
  3 ballistomycete spores (D:5)
4 creatures vanquished.

Grand Total: 307 creatures vanquished

Notes
Turn   | Place    | Note
-------+----------+-------------------------------------------
     0 | D:1      | Gadfly the Gargoyle Fighter began the quest for the Orb.
     0 | D:1      | Reached XP level 1. HP: 14/14 MP: 1/1
   195 | D:1      | Reached XP level 2. HP: 19/19 MP: 2/2
   626 | D:1      | Reached skill level 1 in Invocations
   638 | D:1      | Reached XP level 3. HP: 23/23 MP: 3/3
  1001 | D:2      | Found a runed translucent door.
  1002 | D:2      | Noticed Crazy Yiuf
  1115 | D:2      | Reached skill level 1 in Evocations
  1773 | D:2      | Killed Crazy Yiuf
  1774 | D:2      | Reached XP level 4. HP: 28/28 MP: 5/5
  1998 | D:3      | Found a faded altar of an unknown god.
  2090 | D:3      | Found a radiant altar of Vehumet.
  2094 | D:3      | Found a bloodstained altar of Trog.
  2096 | D:3      | Found an ornate altar of the Wu Jian Council.
  2188 | D:3      | Found a glowing golden altar of the Shining One.
  2192 | D:3      | Became a worshipper of the Shining One
  2215 | D:3      | Reached XP level 5. HP: 32/32 MP: 6/6
  2283 | D:3      | Noticed Jessica
  2297 | D:3      | Killed Jessica
  2298 | D:3      | Reached skill level 3 in Maces & Flails
  2547 | D:4      | Noticed Natasha
  2549 | D:4      | Reached XP level 6. HP: 27/38 MP: 6/8
  2693 | D:4      | Killed Natasha
  2745 | D:4      | Noticed Natasha
  2754 | D:4      | Killed Natasha
  2851 | D:4      | Noticed Robin
  2862 | D:4      | Killed Robin
  3151 | D:4      | Reached XP level 7. HP: 43/43 MP: 9/9
  3234 | D:4      | Noticed Natasha
  3241 | D:4      | Killed Natasha
  3631 | D:5      | Entered Level 5 of the Dungeon
  3725 | D:5      | Reached skill level 4 in Maces & Flails
  3768 | D:5      | Noticed Sigmund
  3777 | D:5      | Reached * piety under the Shining One
  3781 | D:5      | Killed Sigmund
  3883 | D:5      | Reached XP level 8. HP: 37/48 MP: 11/11
  3941 | D:5      | Found a broken altar of Ashenzari.
  3960 | D:5      | Noticed Grinder
  3968 | D:5      | Paralysed by Grinder for 4 turns
  3975 | D:5      | Killed Grinder
  3989 | D:5      | Reached skill level 5 in Maces & Flails
  4093 | D:5      | Reached skill level 5 in Fighting
  4093 | D:5      | Reached skill level 5 in Invocations
  4257 | D:5      | Found a blossoming altar of Fedhas.
  4282 | D:5      | Noticed an oklob plant
  4396 | D:5      | an oklob plant changed into a ballistomycete
  4549 | D:5      | Reached skill level 5 in Shields
  4794 | D:6      | Reached skill level 5 in Armour
  4893 | D:6      | Noticed a +0 dagger
  4895 | D:6      | Noticed a +0 hand axe
  4912 | D:6      | Reached XP level 9. HP: 53/54 MP: 13/13
  4917 | D:6      | Identified the +1 trident "Gudyn" {drain, ^Contam rF+ Will+
                  | Dex+5}
  5031 | D:6      | Found a staircase to the Ecumenical Temple.
  5045 | D:6      | Identified the +0 leather armour "Reuven" {Int+5}
  5218 | D:6      | Found a hide-covered altar of Uskayaw.
  5268 | D:6      | Found a glowing silver altar of Zin.
  5786 | Temple   | Entered the Ecumenical Temple
  5842 | D:7      | Reached ** piety under the Shining One
  5903 | D:7      | Reached skill level 5 in Evocations
  6058 | D:7      | Reached skill level 6 in Maces & Flails
  6754 | D:8      | Reached XP level 10. HP: 30/60 MP: 15/15
  7180 | D:8      | Reached skill level 7 in Maces & Flails
  7463 | D:8      | Found a snail-covered altar of Cheibriados.
  7777 | D:9      | Found a staircase to the Lair.
  7793 | D:9      | Noticed a two-headed ogre
  7809 | D:9      | Killed a two-headed ogre
  8151 | D:9      | Found a burning altar of Makhleb.
  8152 | D:9      | Found a hazy altar of Hepliaklqana.
  8153 | D:9      | Reached *** piety under the Shining One
  8206 | D:9      | Found a shimmering blue altar of Sif Muna.
  8531 | D:9      | Noticed a two-headed ogre
  8539 | D:9      | Killed a two-headed ogre
  8540 | D:9      | Reached XP level 11. HP: 50/67 MP: 17/17
  8610 | D:9      | Found a sacrificial altar of Ru.
  8875 | D:10     | Entered Level 10 of the Dungeon
  8898 | D:10     | Reached skill level 8 in Maces & Flails
  8902 | D:10     | Noticed a two-headed ogre
  8915 | D:10     | Killed a two-headed ogre
  9274 | D:10     | Noticed Lodul
  9467 | D:10     | Killed Lodul
 10507 | D:11     | Found Ficvurau's Weapon Shoppe.
 10509 | D:11     | Found a staircase to the Orcish Mines.
 10509 | D:11     | Noticed a catoblepas
 10545 | D:11     | Killed a catoblepas
 11015 | D:11     | Noticed a cyclops
 11026 | D:11     | Killed a cyclops
 11123 | D:11     | Noticed a manticore
 11132 | D:11     | Killed a manticore
 11133 | D:11     | Reached skill level 9 in Maces & Flails
 11381 | D:11     | Noticed a rakshasa
 11395 | D:11     | Killed a rakshasa
 11573 | D:11     | Noticed Gastronok
 11597 | D:11     | Killed Gastronok
 11800 | Lair:1   | Entered Level 1 of the Lair of Beasts
 11926 | Lair:1   | Reached XP level 12. HP: 73/73 MP: 19/19
 12119 | Lair:1   | Noticed a skyshark
 12145 | Lair:1   | Killed a skyshark
 13052 | Lair:2   | Reached skill level 10 in Maces & Flails
 13158 | Lair:2   | Noticed bronco's ghost (journeyman DEEE)
 13189 | Lair:2   | Found a runed translucent gate.
 13189 | Lair:2   | Found a runed translucent gate.
 13189 | Lair:2   | Found a runed translucent gate.
 13197 | Lair:2   | Found a staircase to the Snake Pit.
 13276 | Lair:2   | Slain by a naga

Illustrated notes

Levels and vault maps discovered:
D:1:      lightli_molten_gateway, layout_basic
D:2:      layout_loops_ring, dk_noncrumbling_2, minmay_pentomino_pile,
          uniq_crazy_yiuf_cottage
D:3:      layout_rooms, nicolae_tso_carved_into_rock,
          grunt_temple_overflow_open, hellmonk_ecumenical_altar_run_dry,
          uniq_jessica
D:4:      layout_loops_ring, hellmonk_no_cap, uniq_robin, uniq_natasha
D:5:      layout_loops_ring, mainiacjoe_overflow_concentric_impassable,
          tgw_fedhas, uniq_sigmund, uniq_grinder
D:6:      layout_basic, dancing_weapons_uskayaw, zin_treasury, temple_doors_cd,
          hangedman_abyss_or_decor_lesser_grid, dk_rats_in_the_wall
D:7:      layout_loops_cross
D:8:      layout_cave_pools, kennysheep_little_box
D:9:      layout_stronghold, gammafunk_temple_overflow_forgotten,
          kennysheep_mini_moat, dpeg_oklobed_lair
D:10:     layout_basic, dk_noncrumbling_3,
          serial_library_regret_index_split_case, kennysheep_generic_room_4,
          uniq_lodul
D:11:     layout_loops_ring, orc_david_3, nicolae_zig_zag_zippers,
          uniq_gastronok
Temple:   grunt_temple_mini_profane
Lair:1:   layout_cave_pods
Lair:2:   layout_regular_city, minmay_shoals_entry_beasts,
          guppyfry_snake_entry_island, gammafunk_ghost_split, serial_bayou,
          serial_bayou_pond_a, serial_bayou_pond_b, serial_bayou_lagoon_a,
          serial_bayou_pond_c, serial_bayou_shore_b, infiniplex_staircase_pool

Skill      XL: |  1  2  3  4  5  6  7  8  9 10 11 12 |
---------------+-------------------------------------+-----
Invocations    | 1 2 3 4 5 7 8 9 |  9.8
Evocations     | 1 2 3 4 5 6 7 8 |  8.2
Maces & Flails | 3 4 5 6 7 9 10 | 10.3
Shields        | 4 5 6 7 8 |  8.5
Fighting       | 4 5 6 7 8 |  8.8
Armour         | 4 5 6 7 8 |  8.5

Action                     |  1- 3 |  4- 6 |  7- 9 | 10-12 || total
---------------------------+-------+-------+-------+-------++-------
  Melee: Flail             |   121 |    45 |   281 |   482 ||   929
         Short sword       |       |   156 |    40 |       ||   196
         Mace              |       |       |    36 |    24 ||    60
  Evoke: Wand              |       |     1 |     3 |     1 ||     5
    Use: Scroll            |     2 |     2 |     6 |     8 ||    18
         Potion            |     1 |     1 |     2 |     4 ||     8
 Armour: Scale mail        |    65 |    30 |       |       ||    95
         Pearl dragon scal |       |   137 |   343 |   487 ||   967
  Dodge: Dodged            |    49 |   104 |   169 |   213 ||   535
  Block: Buckler           |    22 |    50 |    98 |    75 ||   245
         Kite shield       |       |       |       |   330 ||   330
